General information
- name: BNet
- type: Ladder team game (AT/RT)
- host: Battle.net
- saver: NOOBMOLESTER
map: Mur'gulOasis
- players: 8
- length: 30:30
- speed: Fast
- version: 1.28 W3XP
- replay type: Public
» download(153 KB)
Players
team 1 (loser)
Daretti (
yellow | 22 APM | 662 actions | 30:29)
4 Mountain King
2 Storm Bolt
2 Bash
» actions
| Basic commands | 5 | |
| Build / train | 46 | |
| Enter build submenu | 23 | |
| Enter hero's abilities submenu | 4 | |
| Right click | 362 | |
| Select / deselect | 189 | |
| Use ability | 31 | |
662 total
» units
| Peasant | 10 | |
| Footman | 6 | |
| Rifleman | 13 | |
29 total
» upgrades
| Gunpowder | 1 | |
| Armor | 1 | |
| Long Rifles | 1 | |
| Masonry | 1 | |
| Lumber Harvesting | 1 | |
5 total
» buildings
| Altar of Kings | 1 | |
| Farm | 9 | |
| Scout Tower | 6 | |
| Barracks | 2 | |
| Arcane Tower | 1 | |
| Lumber Mill | 1 | |
| Blacksmith | 1 | |
| Arcane Vault | 1 | |
| Guard Tower | 4 | |
| Keep | 1 | |
| Castle | 1 | |
| Town Hall | 1 | |
29 total
» build order
00:23 Altar of Kings
00:36 Farm
01:13 Farm
01:28 Scout Tower
01:53 Barracks
02:00 Arcane Tower
02:06 Lumber Mill
02:19 Farm
02:48 Blacksmith
03:02 Farm
03:42 Barracks
03:45 Farm
04:25 Arcane Vault
04:35 Scout Tower
04:50 Scout Tower
05:31 Guard Tower
05:34 Scout Tower
05:37 Farm
06:48 Guard Tower
06:51 Scout Tower
06:54 Farm
07:48 Guard Tower
07:56 Farm
08:00 Scout Tower
08:17 Keep
08:39 Farm
08:42 Guard Tower
12:09 Castle
19:34 Town Hall
NOOBRAPER (
purple | 115 APM | 3497 actions | 30:29)
7 Blademaster
3 Wind Walk
3 Critical Strike
1 Bladestorm
4 Shadow Hunter
3 Hex
1 Healing Wave
» actions
| Assign group hotkey | 137 | |
| Basic commands | 144 | |
| Build / train | 121 | |
| Enter build submenu | 47 | |
| Enter hero's abilities submenu | 11 | |
| Give item / drop item | 6 | |
| Remove unit from queue | 1 | |
| Right click | 1177 | |
| Select / deselect | 371 | |
| Select group hotkey | 1315 | |
| Use ability | 167 | |
3497 total
» units
| Peon | 13 | |
| Grunt | 8 | |
| Troll Headhunter/Berserker | 7 | |
| Wind Rider | 3 | |
| Kodo Beast | 1 | |
| Raider | 2 | |
| Shaman | 3 | |
37 total
» upgrades
| Melee Weapons | 3 | |
| Ranged Weapons | 3 | |
| Berserker Strength | 1 | |
| Pillage | 1 | |
| Reinforced Defenses | 1 | |
| Berserker Upgrade | 1 | |
| Envenomed Spears | 1 | |
| Troll Regeneration | 1 | |
| Armor | 3 | |
| Shaman Training | 2 | |
| War Drums Damage Increase | 1 | |
| Ensnare | 1 | |
| Spiked Barricades | 3 | |
| Witch Doctor Training | 2 | |
| Spirit Walker Training | 1 | |
25 total
» buildings
| Orc Burrow | 14 | |
| Altar of Storms | 1 | |
| Barracks | 1 | |
| Voodoo Lounge | 1 | |
| War Mill | 3 | |
| Stronghold | 3 | |
| Watch Tower | 14 | |
| Beastiary | 2 | |
| Fortress | 2 | |
| Great Hall | 1 | |
| Spirit Lodge | 1 | |
43 total
» build order
00:10 Orc Burrow
00:22 Orc Burrow
00:39 Altar of Storms
01:33 Barracks
01:53 Voodoo Lounge
02:11 War Mill
02:15 War Mill
03:30 Orc Burrow
03:34 Orc Burrow
04:15 Stronghold
04:16 Stronghold
05:37 Watch Tower
06:52 Beastiary
07:37 Fortress
07:56 Orc Burrow
08:52 Great Hall
08:54 Watch Tower
08:55 Watch Tower
08:56 Watch Tower
08:57 Watch Tower
09:50 Beastiary
10:05 Watch Tower
10:16 Orc Burrow
10:21 Watch Tower
10:22 Watch Tower
11:52 Orc Burrow
12:44 Watch Tower
12:47 Watch Tower
13:44 War Mill
14:07 Spirit Lodge
19:17 Orc Burrow
19:30 Orc Burrow
20:05 Orc Burrow
20:08 Watch Tower
24:02 Orc Burrow
24:07 Orc Burrow
24:09 Orc Burrow
25:13 Watch Tower
25:14 Watch Tower
25:27 Watch Tower
27:48 Orc Burrow
» items
| Healing Salve | 6 | |
| Boots of Speed | 2 | |
| Lesser Clarity Potion | 1 | |
| Orb of Lightning | 2 | |
| Staff of Teleportation | 2 | |
| Periapt of Vitality | 1 | |
| Circlet of Nobility | 1 | |
| Tiny Great Hall | 1 | |
| Potion of Healing | 1 | |
| Potion of Mana | 1 | |
18 total

»
red_ey3 (
blue | 30 APM | 492 actions | 16:34)
4 Mountain King
2 Storm Bolt
1 Bash
1 Thunder Clap
2 Paladin
1 Holy Light
1 Devotion Aura
» actions
| Basic commands | 4 | |
| Build / train | 46 | |
| Enter build submenu | 28 | |
| Enter hero's abilities submenu | 6 | |
| Right click | 133 | |
| Select / deselect | 226 | |
| Use ability | 49 | |
492 total
» units
| Peasant | 9 | |
| Footman | 6 | |
| Rifleman | 1 | |
| Gryphon Rider | 3 | |
| Dragonhawk Rider | 5 | |
24 total
» upgrades
| Masonry | 1 | |
| Lumber Harvesting | 1 | |
| Swords | 2 | |
| Armor | 2 | |
| Animal War Training | 1 | |
| Storm Hammers | 1 | |
| Cloud | 1 | |
9 total
» buildings
| Altar of Kings | 1 | |
| Farm | 13 | |
| Barracks | 1 | |
| Arcane Vault | 2 | |
| Scout Tower | 4 | |
| Arcane Tower | 1 | |
| Lumber Mill | 1 | |
| Keep | 1 | |
| Blacksmith | 1 | |
| Guard Tower | 2 | |
| Gryphon Aviary | 2 | |
| Castle | 1 | |
30 total
» build order
00:33 Altar of Kings
00:48 Farm
01:06 Barracks
01:29 Farm
02:24 Arcane Vault
03:11 Scout Tower
03:22 Arcane Tower
03:31 Arcane Vault
03:38 Lumber Mill
03:43 Keep
03:56 Farm
04:34 Scout Tower
04:42 Blacksmith
05:05 Guard Tower
06:11 Farm
06:20 Gryphon Aviary
06:41 Farm
07:15 Scout Tower
07:39 Gryphon Aviary
07:47 Castle
07:51 Scout Tower
08:51 Guard Tower
08:57 Farm
09:51 Farm
10:02 Farm
10:34 Farm
11:29 Farm
13:02 Farm
13:51 Farm
14:34 Farm
MrPotatoSalad (
orange | 16 APM | 345 actions | 21:04)
3 Far Seer
2 Feral Spirit
1 Chain Lighting
» actions
| Basic commands | 1 | |
| Build / train | 36 | |
| Enter build submenu | 18 | |
| Enter hero's abilities submenu | 3 | |
| Right click | 120 | |
| Select / deselect | 144 | |
| Use ability | 23 | |
345 total
» units
| Peon | 11 | |
| Grunt | 5 | |
| Troll Headhunter/Berserker | 2 | |
| Troll Batrider | 5 | |
23 total
» upgrades
| Ranged Weapons | 3 | |
| Armor | 2 | |
| Liquid Fire | 1 | |
6 total
» buildings
| Altar of Storms | 1 | |
| Orc Burrow | 9 | |
| Barracks | 1 | |
| War Mill | 1 | |
| Stronghold | 1 | |
| Beastiary | 3 | |
| Fortress | 1 | |
| Voodoo Lounge | 1 | |
18 total
» build order
00:08 Altar of Storms
00:12 Orc Burrow
00:57 Barracks
02:03 Orc Burrow
02:27 War Mill
02:44 Orc Burrow
03:48 Orc Burrow
04:21 Stronghold
06:31 Orc Burrow
06:38 Orc Burrow
07:40 Beastiary
07:44 Beastiary
07:48 Beastiary
07:53 Orc Burrow
09:52 Orc Burrow
09:58 Orc Burrow
10:01 Fortress
10:54 Voodoo Lounge
» items
team 2 (winner)
TRUMPFIREDCOMEY (
red | 62 APM | 1877 actions | 30:29)
5 Blademaster
2 Wind Walk
2 Critical Strike
1 Bladestorm
3 Death Knight
2 Unholy Aura
1 Death Coil
» actions
| Assign group hotkey | 30 | |
| Basic commands | 83 | |
| Build / train | 74 | |
| Enter build submenu | 28 | |
| Enter hero's abilities submenu | 8 | |
| Give item / drop item | 2 | |
| Remove unit from queue | 1 | |
| Right click | 690 | |
| Select / deselect | 234 | |
| Select group hotkey | 624 | |
| Use ability | 102 | |
1877 total
» units
| Peon | 10 | |
| Wind Rider | 8 | |
| Acolyte | 1 | |
| Frost Wyrm | 7 | |
26 total
» upgrades
| Creature Attack | 3 | |
| Creature Carapace | 2 | |
| Ranged Weapons | 2 | |
| Reinforced Defenses | 1 | |
| Freezing Breath | 1 | |
| Armor | 2 | |
| Envenomed Spears | 1 | |
12 total
» buildings
| Altar of Storms | 1 | |
| Orc Burrow | 7 | |
| War Mill | 1 | |
| Voodoo Lounge | 1 | |
| Watch Tower | 12 | |
| Stronghold | 2 | |
| Halls of the Dead | 3 | |
| Ziggurat | 5 | |
| Nerubian Tower | 2 | |
| Black Citadel | 2 | |
| Sacrificial Pit | 1 | |
| Beastiary | 2 | |
| Fortress | 2 | |
| Spirit Tower | 1 | |
| Boneyard | 2 | |
44 total
» build order
00:09 Altar of Storms
00:16 Orc Burrow
00:38 War Mill
01:06 Voodoo Lounge
02:01 Watch Tower
02:06 Watch Tower
02:26 Watch Tower
03:16 Stronghold
03:17 Stronghold
03:22 Watch Tower
03:27 Halls of the Dead
03:27 Halls of the Dead
03:27 Halls of the Dead
03:31 Ziggurat
03:34 Nerubian Tower
03:34 Nerubian Tower
03:53 Orc Burrow
03:54 Orc Burrow
03:55 Orc Burrow
04:14 Ziggurat
04:21 Ziggurat
04:30 Watch Tower
04:36 Watch Tower
04:50 Ziggurat
05:48 Black Citadel
05:48 Black Citadel
05:51 Sacrificial Pit
06:07 Beastiary
06:08 Beastiary
06:12 Fortress
06:12 Fortress
06:19 Spirit Tower
07:10 Watch Tower
08:12 Boneyard
08:13 Boneyard
09:18 Watch Tower
10:18 Orc Burrow
12:24 Orc Burrow
12:57 Ziggurat
13:01 Orc Burrow
13:22 Watch Tower
13:26 Watch Tower
14:22 Watch Tower
14:54 Watch Tower
» items
| Healing Salve | 2 | |
| Lesser Clarity Potion | 1 | |
| Staff of Teleportation | 1 | |
| Orb of Lightning | 1 | |
| Potion of Healing | 1 | |
| Tiny Great Hall | 1 | |
7 total
NOOBMOLESTER (
pink | 52 APM | 1597 actions | 30:30)
8 Blademaster
3 Wind Walk
3 Critical Strike
1 Bladestorm
1 Mirror Image
» actions
| Assign group hotkey | 49 | |
| Basic commands | 82 | |
| Build / train | 69 | |
| Enter build submenu | 39 | |
| Enter hero's abilities submenu | 8 | |
| Give item / drop item | 5 | |
| Right click | 711 | |
| Select / deselect | 328 | |
| Select group hotkey | 171 | |
| Use ability | 135 | |
1597 total
» units
» upgrades
| Armor | 3 | |
| Ranged Weapons | 4 | |
| Envenomed Spears | 1 | |
| Reinforced Defenses | 1 | |
| Pillage | 1 | |
| Ensnare | 1 | |
| Spiked Barricades | 2 | |
| Melee Weapons | 2 | |
| Liquid Fire | 1 | |
| War Drums Damage Increase | 1 | |
| Backpack | 1 | |
| Troll Regeneration | 1 | |
| Burning Oil | 1 | |
| Berserker Upgrade | 1 | |
| Berserker Strength | 1 | |
22 total
» buildings
| Orc Burrow | 4 | |
| Altar of Storms | 1 | |
| Barracks | 1 | |
| Voodoo Lounge | 2 | |
| Stronghold | 1 | |
| War Mill | 2 | |
| Beastiary | 3 | |
| Fortress | 1 | |
| Watch Tower | 37 | |
| Great Hall | 2 | |
| Spirit Lodge | 1 | |
55 total
» build order
00:12 Orc Burrow
00:52 Altar of Storms
01:00 Orc Burrow
01:06 Barracks
01:52 Voodoo Lounge
02:53 Stronghold
04:12 War Mill
04:17 Orc Burrow
06:27 Beastiary
06:27 Beastiary
06:31 Beastiary
06:34 Orc Burrow
07:48 Fortress
10:09 Watch Tower
10:09 Watch Tower
10:13 Watch Tower
10:13 Watch Tower
12:28 Great Hall
12:38 Great Hall
12:41 Watch Tower
12:41 Watch Tower
12:41 Watch Tower
12:42 Watch Tower
12:42 Watch Tower
12:43 Watch Tower
12:43 Watch Tower
12:44 Watch Tower
13:30 Voodoo Lounge
19:20 Watch Tower
19:20 Watch Tower
19:21 Watch Tower
19:21 Watch Tower
19:24 Watch Tower
19:24 Watch Tower
19:25 Watch Tower
19:28 Watch Tower
19:28 Watch Tower
19:32 War Mill
21:54 Watch Tower
21:55 Watch Tower
21:56 Watch Tower
22:02 Watch Tower
22:02 Watch Tower
22:02 Watch Tower
22:02 Watch Tower
22:03 Watch Tower
22:04 Watch Tower
22:04 Watch Tower
22:05 Watch Tower
22:06 Watch Tower
22:06 Watch Tower
22:06 Watch Tower
22:07 Watch Tower
29:54 Spirit Lodge
» items
| Healing Salve | 5 | |
| Lesser Clarity Potion | 1 | |
6 total

»
lemoncheddar (
green | 25 APM | 672 actions | 26:46)
5 Demon Hunter
2 Immolation
3 Evasion
» actions
| Assign group hotkey | 26 | |
| Basic commands | 1 | |
| Build / train | 61 | |
| Enter build submenu | 21 | |
| Enter hero's abilities submenu | 5 | |
| Right click | 110 | |
| Select / deselect | 231 | |
| Select group hotkey | 166 | |
| Use ability | 51 | |
672 total
» units
| Wisp | 21 | |
| Archer | 2 | |
| Huntress | 7 | |
| Druid of the Claw | 9 | |
| Dryad | 3 | |
42 total
» upgrades
| Strength of the Wild | 3 | |
| Reinforced Hides | 3 | |
| Druid of the Claw Training | 2 | |
| Mark of the Claw | 1 | |
| Abolish Magic | 1 | |
10 total
» buildings
| Altar of Elders | 2 | |
| Moon Well | 7 | |
| Ancient of War | 1 | |
| Hunter's Hall | 1 | |
| Ancient of Wonders | 1 | |
| Tree of Ages | 1 | |
| Ancient Protector | 2 | |
| Tree of Eternity | 1 | |
| Ancient of Lore | 2 | |
| Tree of Life | 3 | |
21 total
» build order
00:09 Altar of Elders
00:15 Moon Well
00:24 Ancient of War
01:37 Moon Well
02:09 Hunter's Hall
02:26 Ancient of Wonders
03:16 Tree of Ages
03:42 Moon Well
04:16 Ancient Protector
06:46 Tree of Eternity
07:05 Ancient of Lore
07:59 Ancient of Lore
08:18 Moon Well
10:16 Moon Well
12:01 Moon Well
14:18 Tree of Life
16:26 Tree of Life
17:09 Ancient Protector
18:26 Moon Well
23:43 Tree of Life
25:48 Altar of Elders
» items

»
meyerlansky (
teal | 19 APM | 56 actions | 02:56)
1 Death Knight
1 Death Coil
» actions
| Assign group hotkey | 3 | |
| Build / train | 9 | |
| Enter build submenu | 8 | |
| Enter hero's abilities submenu | 1 | |
| Remove unit from queue | 1 | |
| Right click | 8 | |
| Select / deselect | 20 | |
| Use ability | 6 | |
56 total
» units
» buildings
| Ziggurat | 2 | |
| Altar of Darkness | 1 | |
| Crypt | 1 | |
| Tomb of Relics | 1 | |
| Graveyard | 1 | |
6 total
» build order
00:05 Ziggurat
00:07 Altar of Darkness
00:10 Crypt
01:12 Tomb of Relics
01:46 Ziggurat
02:53 Graveyard
Chat log
(00:36 / Allies) meyerlansky: units?
(00:42 / Allies) TRUMPFIREDCOMEY: wyvern bat
(01:01 / Allies) meyerlansky: wryms/spider
(01:10 / Allies) NOOBMOLESTER: wyvern bat
(01:19 / Allies) meyerlansky: 2 people getting wyv and bat?
(01:22 / Allies) NOOBMOLESTER: yeah
(01:24 / Allies) meyerlansky: red said he was getting that pink
(01:25 / Allies) TRUMPFIREDCOMEY: someone get melee
(01:32 / Allies) lemoncheddar: can do bears
(01:45 / Allies) NOOBMOLESTER: wyvern bat
(01:47 / Allies) TRUMPFIREDCOMEY: thx
(01:55 / Allies) TRUMPFIREDCOMEY: ill go casters raiders then
(02:01 / Allies) NOOBMOLESTER: red go wyvern bat too
(02:05 / Allies) NOOBMOLESTER: they are best units in the game
(02:15 / Allies) NOOBMOLESTER: its a next level strategy
(02:17 / Allies) meyerlansky: they suck
(02:24 / Allies) NOOBMOLESTER: thats ur opinion (a lousy one)
(02:32 / Allies) meyerlansky: no one gets them anymore
(02:36 / Allies) NOOBMOLESTER: i get them
(02:39 / Allies) meyerlansky: that's why they're never used in competitions
(02:49 / Allies) NOOBMOLESTER: only noobs play comps
(02:59 / Allies) NOOBMOLESTER: lwl
(03:10 / All) NOOBMOLESTER: I told him
(03:14 / All) NOOBMOLESTER: a harsh truth
(03:21 / Allies) lemoncheddar: someone got him?
(03:21 / All) NOOBMOLESTER: only noobs play comps
(03:24 / Allies) NOOBMOLESTER: not me
(03:48 / Allies) TRUMPFIREDCOMEY: me
(05:19 / Allies) TRUMPFIREDCOMEY: i knew he would get mad and leave
(05:27 / Allies) NOOBMOLESTER: why share an orange creep
(05:47 / Allies) NOOBMOLESTER: u serious green/
(06:01 / Allies) NOOBMOLESTER: u ever play this map?
(06:15 / Allies) NOOBMOLESTER: those are hard to kill
(06:40 / Allies) TRUMPFIREDCOMEY: making teal go wyverms
(06:49 / Allies) NOOBMOLESTER: interesting
(07:41 / All) TRUMPFIREDCOMEY: a tie
(07:42 / All) TRUMPFIREDCOMEY: u both lost hero
(08:37 / Allies) NOOBMOLESTER: exp leech homo
(08:48 / Allies) NOOBMOLESTER: go sit in ur base porch monkey
(08:53 / Allies) TRUMPFIREDCOMEY: lawl
(08:59 / Allies) TRUMPFIREDCOMEY: everytime i hear that word
(09:04 / Allies) TRUMPFIREDCOMEY: i think of oprah
(09:42 / All) red_ey3: oh
(10:01 / Allies) TRUMPFIREDCOMEY: worms
(10:03 / Allies) TRUMPFIREDCOMEY: coming for teal
(10:07 / Allies) TRUMPFIREDCOMEY: got a shade at yellow
(10:23 / Allies) NOOBMOLESTER: mid
(10:50 / Allies) TRUMPFIREDCOMEY: omw
(12:39 / Allies) TRUMPFIREDCOMEY: let shit yellow
(12:52 / All) NOOBMOLESTER: shieeeeit
(13:09 / Allies) TRUMPFIREDCOMEY: wait green lawl
(13:33 / Allies) TRUMPFIREDCOMEY: protect pinks
(13:34 / Allies) TRUMPFIREDCOMEY: expo
(15:25 / Allies) NOOBMOLESTER: OH SHIUT
(15:30 / Allies) NOOBMOLESTER: SPREAD OUT
(15:39 / Allies) NOOBMOLESTER: go oj
(15:41 / Allies) NOOBMOLESTER: green
(15:47 / Allies) NOOBMOLESTER: spread out forces
(15:59 / All) NOOBRAPER: Blue tk
(16:00 / All) NOOBRAPER: blue tk
(16:06 / All) red_ey3: oh no!
(16:13 / All) red_ey3: surprise, you kill the asshole on your team
(16:18 / All) red_ey3: im not surprised
(16:25 / All) NOOBRAPER: You're the asshole
(16:26 / All) NOOBRAPER: orange agreed
(16:31 / All) NOOBRAPER: and a tker too, good job proving the point
(16:42 / All) NOOBRAPER: raped
(16:50 / All) NOOBMOLESTER: why did that idjut orange not protect his base?
(16:58 / All) TRUMPFIREDCOMEY: ya
(17:10 / All) NOOBMOLESTER: tood bad red eye left
(17:52 / All) TRUMPFIREDCOMEY: great bat harass oj
(18:49 / All) NOOBMOLESTER: you came to the wrong neighborhood
(19:42 / All) NOOBMOLESTER: Whoops
(19:47 / All) NOOBMOLESTER: thiot u were blue
(19:53 / Allies) lemoncheddar: ?
(21:44 / All) TRUMPFIREDCOMEY: lawl
(21:53 / All) TRUMPFIREDCOMEY: u are welcome,, my liege
(22:38 / All) NOOBMOLESTER: captain america mask and wolverine claws
(23:07 / Allies) lemoncheddar: why
(24:56 / All) NOOBRAPER: gg noobs
(26:51 / All) NOOBRAPER: lol
(27:02 / All) TRUMPFIREDCOMEY: permission to hit ur builidng?
(27:06 / All) NOOBRAPER: go ahead
(28:08 / All) NOOBRAPER: yellow, you there?
(28:31 / All) NOOBRAPER: yellow
(28:34 / All) NOOBRAPER: you there?
(28:46 / All) Daretti: im wathcing tv, whats up?
(28:52 / All) NOOBRAPER: dunno what happened man
(28:56 / All) NOOBRAPER: there's no buildings or anything
(29:00 / All) NOOBRAPER: just this orc burrow
(29:04 / All) Daretti: i saw you kill yourself
(29:10 / All) Daretti: my comp screen is in the same room
(29:12 / All) NOOBRAPER: what do you thinka bout that
(29:19 / All) Daretti: i dont really care
(29:27 / All) NOOBRAPER: why don't you leave then
(29:33 / All) NOOBRAPER: leave and you get a tie
(29:36 / All) NOOBRAPER: stay and you get a loss
(29:40 / All) Daretti: cause i dont rage quit and get salty like blue
(29:57 / All) Daretti: you get a loss if you leave either way